 Dungeon Crawl Stone Soup version 0.25.1-8-g42b30a86e7 (webtiles) character file.

Game seed: 1687194697715259403

19 krisfiction the Skirmisher (level 2, -2/27 HPs)
             Began as a Minotaur Berserker on Nov 24, 2020.
             Was a Follower of Trog.
             Slain by a hobgoblin (3 damage)
             ... led by Robin
             ... on level 2 of the Dungeon on Dec 21, 2020.
             The game lasted 00:03:31 (364 turns).

krisfiction the Skirmisher (Minotaur Berserker)      Turns: 364, Time: 00:03:32

Health: -2/27      AC:  2    Str: 21    XL:     2   Next: 55%
Magic:  1/1        EV: 12    Int:  4    God:    Trog [*.....]
Gold:   0          SH:  0    Dex:  9    Spells: 1/1 levels left

rFire    . . .     SeeInvis .   a - +0 hand axe
rCold    . . .     Gourm    .   (no shield)
rNeg     . . .     Faith    .   b - +0 animal skin
rPois    .         Spirit   .   (helmet restricted)
rElec    .         Reflect  .   (no cloak)
rCorr    .         Harm     .   (no gloves)
MR       .....                  (no boots)
Stlth    +.........             (no amulet)
HPRegen  0.09/turn              (no ring)
MPRegen  0.07/turn              (no ring)

@: no status effects
A: retaliatory headbutt, horns 2
a: Berserk, Renounce Religion


You were on level 2 of the Dungeon.
You worshipped Trog.
Trog was aware of your devotion.
You were not hungry.

You visited 1 branch of the dungeon, and saw 2 of its levels.

Inventory:

Hand Weapons
 a - a +0 hand axe (weapon)
Armour
 b - a +0 animal skin (worn)
Comestibles
 c - a ration
 f - a chunk of flesh


   Skills:
 + Level 4.1 Fighting
 + Level 4.1 Axes
 + Level 2.6 Armour
 + Level 2.4 Dodging


You had one spell level left.
You didn't know any spells.
Your spell library was empty.

Dungeon Overview and Level Annotations

Branches:
Dungeon (2/15)

Altars:

Annotations:
D:2 Robin


Innate Abilities, Weirdness & Mutations

You reflexively headbutt those who attack you in melee.
You have a pair of horns on your head.


Message History

* * * LOW HITPOINT WARNING * * *
You hit the goblin but do no damage. You hit the hobgoblin but do no damage.
The goblin completely misses you. You furiously retaliate!
You headbutt the goblin.
You kill the goblin!
Trog accepts your kill. The hobgoblin hits you.
* * * LOW HITPOINT WARNING * * *
As you read the scroll labeled XEITHR FUETYN, it crumbles to dust.
You feel aware of your surroundings.
You sensed 5 altars.
It was a scroll of magic mapping.
The goblin no longer looks unusually strong.
The hobgoblin barely misses you.
As you read the scroll labeled MINEFO CUEHI, it crumbles to dust.
It is a scroll of enchant weapon.
Okay, then.
Robin throws the goblin at you!
* * * LOW HITPOINT WARNING * * *
The hobgoblin hits you.
You die...

,,,,,,,,,,,,,,,,,,,,,,,,,*
,,,,,,,,,,,,,,,........,,*
,,,,,,_,,,,,,,,.......,,,*
,,**,,,,,,,,*,,......,,,,*
,,,,,,,,,*****,#....<,,,,********
,,,,,,,*** *,#g.g,,,,,,,,,,,,,,
,,,,,,********,#gg,,,,,,,***+***,
,,,,,,,,,,,,,,,#g#******,* *,* *,
,,,,,,***,,,,**#@# *,***,***,
,,,,,,**,,*#.*##g# *,+,,_***,
,,,,,,,,,**#.*#..# *,***,***,
,,,,,,,*** #.*#.## **,* *,* *,
,,,*,,.,* #.##.# *,,***+###,
,,,*,*..##*#.#..# *,,,,,,..,,
**,*,,#....#.#.## *,,,,*#.#**
,*,**,*,*#.....# ****,,..*
,^,**,*,*##....### ***.#*


You could see Robin, a hobgoblin (strong) and 4 goblins.

Vanquished Creatures
  A leopard gecko (D:1)
  2 bats (D:1)
  2 kobolds (D:1)
  A frilled lizard (D:2)
  8 goblins
  2 rats
16 creatures vanquished.

Notes
Turn   | Place    | Note
-------+----------+-------------------------------------------
     0 | D:1      | krisfiction the Minotaur Berserker began the quest for the
                  | Orb.
     0 | D:1      | Reached XP level 1. HP: 19/19 MP: 0/0
    37 | D:1      | Upgraded the game from 0.25.1-2-g60ff931df9 to
                  | 0.25.1-8-g42b30a86e7
   249 | D:1      | Reached XP level 2. HP: 27/27 MP: 1/1
   350 | D:2      | Noticed Robin
   364 | D:2      | HP: 1/27 [Robin/goblin (2)]
   364 | D:2      | Slain by a hobgoblin

Illustrated notes

Levels and vault maps discovered:
D:1:      dpeg_arrival_rooms_b, layout_basic, st_stairs_13, minmay_tripent
D:2:      layout_rooms, grunt_temple_overflow_open, lemuel_doored_altar,
          uniq_robin

Skill      XL: |  1  2 |
---------------+-------+-----
Fighting       | 4 |  4.1
Axes           | 4 |  4.1
Armour         | |  2.6
Dodging        | |  2.4

Action                   || total
-------------------------++-------
Melee: Hand axe          ||    24
  Use: Scroll            ||     2
Armor: Animal skin       ||     4
Dodge: Dodged            ||    16
